 Dungeon Sprint DCSS version 0.26-a0-64-g059e62fbdb (webtiles) character file.

Game seed: 2838433142336340803

16564 Angani the Thaumaturge (level 12, 0/105 HPs)
             Began as a Demonspawn Ice Elementalist on June 11, 2020.
             Was the Champion of Vehumet.
             Shot with an arrow by Nessos (1 damage)
             ... in the Dungeon (Sprint IX: "|||||||||||||||||||||||||||||") on June 12, 2020.
             The game lasted 00:15:11 (3120 turns).

Angani the Thaumaturge (DsIE)                       Turns: 3120, Time: 00:15:12

Health: 0/105      AC:  9    Str:  8    XL:     12   Next: 11%
Magic:  23/29      EV: 20    Int: 26    God:    Vehumet [******]
Gold:   1428       SH:  0    Dex: 14    Spells: 15/37 levels left

rFire    . . .     SeeInvis .   n - +2 rapier of Conscience {vorpal, Int+4}
rCold    . . .     Gourm    .   (no shield)
rNeg     . . .     Faith    .   a - +0 robe
rPois    .         Spirit   .   (helmet restricted)
rElec    .         Reflect  .   u - +0 cloak
rCorr    .         Harm     .   o - +1 pair of gloves
MR       +....     NoTele   +   (no boots)
Stlth    ++........             (no amulet)
HPRegen  0.27/turn              h - ring of protection from magic
MPRegen  0.21/turn              r - ring of wizardry

@: mighty, lethally poisoned (0 -> -19), no potions, frozen ramparts
A: antennae 1, icy blue scales 1, powered by death 2, powered by pain 1
a: Renounce Religion


You were in the Dungeon.
You worshipped Vehumet.
Vehumet was exalted by your worship.
You were not hungry.

You visited 1 branch You collected 1948 gold pieces.
You spent 520 gold pieces at shops.

Inventory:

Hand Weapons
 n - the +2 rapier of Conscience (weapon) {vorpal, Int+4}
   (You found it in the Dungeon)

   It inflicts extra damage upon your enemies.
   It affects your intelligence (+4).
Armour
 a - a +0 robe (worn)
 o - a +1 pair of gloves (worn)
 u - a +0 cloak (worn)
Jewellery
 h - a ring of protection from magic (left hand)
 m - an uncursed ring of see invisible
 r - a ring of wizardry (right hand)
 v - an uncursed ring of poison resistance
Scrolls
 b - a scroll of fog
 i - 4 scrolls of blinking
 j - 3 scrolls of fear
 k - 3 scrolls of remove curse
 l - 2 scrolls of amnesia
 p - 2 scrolls of enchant armour
 q - 2 scrolls of identify
Potions
 c - 3 potions of resistance
 d - 3 potions of curing
 e - 7 potions of heal wounds
 f - 2 potions of haste
 g - 4 potions of magic
 s - a potion of cancellation
Comestibles
 t - 8 rations


   Skills:
 - Level 13.1 Fighting
 - Level 12.1 Armour
 - Level 12.3 Dodging
 - Level 1.7 Stealth
 + Level 13.2 Spellcasting
 - Level 7.5 Conjurations
 - Level 3.9 Charms
 - Level 11.0 Ice Magic
 - Level 6.9 Air Magic


You had 15 spell levels left.
You knew the following spells:

 Your Spells              Type           Power        Failure   Level  Hunger
a - Freeze                Ice            ####         1%          1    None
b - Frozen Ramparts       Ice            ######       1%          3    None
c - Ozocubu's Armour      Chrm/Ice       ######..     1%          3    None
d - Dazzling Flash        Conj/Hex       #####.       1%          3    None
e - Freezing Cloud        Conj/Ice/Air   ######....   1%          6    #####..
f - Ozocubu's Refrigerat  Ice            ######....   1%          6    #####..

Your spell library contained the following spells:

 Spells                   Type           Power        Failure   Level  Hunger
 Lightning Bolt           Conj/Air       ######....   1%          5    ##.....
 Hailstorm                Conj/Ice       ######..     1%          4    None
 Summon Ice Beast         Ice/Summ       #####...     1%          4    None
 Iskenderun's Battlesphe  Conj/Chrm      #####...     1%          5    ##.....
 Bolt of Magma            Conj/Fire/Erth ####......   4%          5    ##.....
 Iron Shot                Conj/Erth      #####.....   12%         6    #####..
 Orb of Destruction       Conj           ######....   13%         7    ######.
 Spellforged Servitor     Conj/Summ      #####.....   47%         7    ######.


Dungeon Overview and Level Annotations

Branches:
Dungeon (1/1)

Altars:
Cheibriados
Dithmenos
Elyvilon
Fedhas
Gozag
Hepliaklqana
Kikubaaqudgha
Makhleb
Nemelex Xobeh
Okawaru
Qazlal
Ru
Sif Muna
Trog
Uskayaw
Vehumet
Wu Jian
Xom
Yredelemnul
Zin
The Shining One
Beogh
Jiyva
Lugonu

Shops:
D (?([

Annotations:
D Nessos


Innate Abilities, Weirdness & Mutations

You have a pair of small antennae on your head.
You are partially covered in icy blue scales. (AC +2)
You regenerate health from kills.
You sometimes gain a little power by taking damage.


Message History

Confirm with . or Enter, or press ? or * to list all spells.
The heat is drained from your surroundings.
You feel very cold.
Nessos is frozen.
Nessos is severely wounded.
The wall freezes Nessos.
Nessos blinks!
Nessos shoots an arrow.
The arrow hits you!!
* * * LOW HITPOINT WARNING * * *
You focus on the pain.
You feel your power returning. The arrow burns you!
You are lethally poisoned!
* * * LOW HITPOINT WARNING * * *
Unknown command.
Unknown command.
Unknown command.
You cannot drink potions in your current state!
* * * LOW HITPOINT WARNING * * *
You feel very sick.
Nessos shoots an arrow.
The arrow hits you.
* * * LOW HITPOINT WARNING * * *
The arrow burns you.
You die... { {{{{{{{{{

▓▓▓▓▓▓▓▓▓▓▓▓▓▓▓▓▓▓▓▓▓▓▓▓▓
..§§§§.§@(...c(..........
▓▓▓▓▓▓▓▓▓▓▓▓▓▓▓▓▓▓▓▓▓▓▓▓▓▓▓▓▓▓▓▓▓
[.)........))..............'.....
▓▓▓▓▓▓▓▓▓▓▓▓▓▓▓▓▓▓▓▓▓▓▓▓▓▓▓▓▓▓▓▓▓
.................................
▓▓▓▓▓▓▓▓▓▓▓▓▓▓▓▓▓▓▓▓▓▓▓▓▓▓▓▓▓▓▓▓▓
..)....).).)).)∩.∩.∩.∩..).)'.....
▓▓▓▓▓▓▓▓▓▓▓▓▓▓▓▓▓▓▓▓▓▓▓▓▓▓▓▓▓▓▓▓▓
.................................


You could see Nessos (fast).

Vanquished Creatures
  A stone giant (D)
  2 ettins (D)
  A fire dragon (D)
  An ogre mage (D)
  A two-headed ogre (D)
  2 orc high priests (D)
  An unseen horror (D)
  A glowing orange brain (D)
  A deep elf mage (D)
  An orc knight (D)
  7 orc sorcerers (D)
  An elephant (D)
  3 spiny frogs (D)
  A rime drake (D)
  A hippogriff (D)
  A slime creature (D)
  A wyvern (D)
  A golden eye (shapeshifter) (D)
  2 wargs (D)
  4 water moccasins (D)
  An acid dragon (D)
  2 hell hounds (D)
  4 porcupines (D)
  10 orc warriors (D)
  A sky beast (D)
  A black bear (shapeshifter) (D)
  An eye of draining (D)
  A black bear (D)
  A boggart (D)
  An ogre (D)
  4 wolves (D)
  2 crocodiles (D)
  A bullfrog (D)
  A gnoll sergeant (D)
  A killer bee (D)
  A crimson imp (D)
  4 orc priests (D)
  10 orc wizards (D)
  An adder (D)
  A shadow imp (D)
  An adder zombie (D)
  A leopard gecko (D)
  5 orcs (D)
  A bat skeleton (D)
  2 goblins (D)
  A hobgoblin (D)
  A jackal (D)
  A quokka (D)
  A ball python (D)
  A ball python skeleton (D)
  A giant cockroach simulacrum (D)
  A kobold (D)
  A quokka skeleton (D)
101 creatures vanquished.

Notes
Turn   | Place    | Note
-------+----------+-------------------------------------------
     0 | D        | Angani the Demonspawn Ice Elementalist began the quest for
                  | the Orb.
     0 | D        | Reached XP level 1. HP: 13/13 MP: 3/3
   154 | D        | Gained mutation: You have a pair of small antennae on your
                  | head. [demonic ancestry]
   154 | D        | Reached XP level 2. HP: 19/19 MP: 4/6
   162 | D        | Reached skill level 5 in Ice Magic
   216 | D        | Found a roughly hewn altar of Beogh.
   216 | D        | Found a snail-covered altar of Cheibriados.
   216 | D        | Found a shadowy altar of Dithmenos.
   216 | D        | Found a white marble altar of Elyvilon.
   216 | D        | Found a blossoming altar of Fedhas.
   216 | D        | Found an opulent altar of Gozag.
   217 | D        | Found a hazy altar of Hepliaklqana.
   218 | D        | Found a viscous altar of Jiyva.
   219 | D        | Found an ancient bone altar of Kikubaaqudgha.
   220 | D        | Found a corrupted altar of Lugonu.
   221 | D        | Found a burning altar of Makhleb.
   222 | D        | Found a sparkling altar of Nemelex Xobeh.
   223 | D        | Found an iron altar of Okawaru.
   224 | D        | Found a stormy altar of Qazlal.
   225 | D        | Found a sacrificial altar of Ru.
   226 | D        | Found a shimmering blue altar of Sif Muna.
   227 | D        | Found a bloodstained altar of Trog.
   228 | D        | Found a hide-covered altar of Uskayaw.
   229 | D        | Found a radiant altar of Vehumet.
   230 | D        | Found an ornate altar of the Wu Jian Council.
   245 | D        | Found a shimmering altar of Xom.
   246 | D        | Found a basalt altar of Yredelemnul.
   247 | D        | Found a glowing silver altar of Zin.
   248 | D        | Found a glowing golden altar of the Shining One.
   251 | D        | Became a worshipper of Vehumet
   266 | D        | Got the +2 rapier of Conscience {vorpal, Int+4}
   311 | D        | Noticed a killer bee
   311 | D        | Noticed an ogre
   311 | D        | Noticed a gnoll sergeant
   316 | D        | Killed a killer bee
   316 | D        | Reached skill level 5 in Spellcasting
   316 | D        | Gained mutation: You are partially covered in icy blue
                  | scales. (AC +2) [demonic ancestry]
   316 | D        | Reached XP level 3. HP: 15/24 MP: 5/9
   316 | D        | Gained mutation: You sometimes gain a little power by
                  | taking damage. [demonic ancestry]
   316 | D        | Reached XP level 4. HP: 19/30 MP: 6/11
   373 | D        | Killed an ogre
   373 | D        | Reached XP level 5. HP: 32/35 MP: 12/14
   378 | D        | Reached * piety under Vehumet
   378 | D        | Offered knowledge of Sandblast by Vehumet.
   623 | D        | Learned a level 3 spell: Frozen Ramparts
   627 | D        | Learned a level 3 spell: Ozocubu's Armour
   662 | D        | Reached ** piety under Vehumet
   662 | D        | Offered knowledge of Searing Ray by Vehumet.
   767 | D        | Noticed a two-headed ogre
   767 | D        | Noticed a black bear
   767 | D        | Noticed a deep elf mage
   767 | D        | Noticed a sky beast
   767 | D        | Noticed a black bear
   769 | D        | Reached skill level 1 in Fighting
   769 | D        | Reached skill level 1 in Armour
   769 | D        | Reached XP level 6. HP: 43/43 MP: 13/17
   777 | D        | Killed a two-headed ogre
   777 | D        | Reached XP level 7. HP: 16/60 MP: 18/18
   779 | D        | Reached *** piety under Vehumet
   779 | D        | Reached XP level 8. HP: 19/67 MP: 20/20
  1024 | D        | Offered knowledge of Dazzling Flash by Vehumet.
  1038 | D        | Learned a level 3 spell: Dazzling Flash
  1051 | D        | Killed a deep elf mage
  1051 | D        | Offered knowledge of Mephitic Cloud by Vehumet.
  1369 | D        | Noticed a spiny frog
  1372 | D        | Reached **** piety under Vehumet
  1373 | D        | Offered knowledge of Inner Flame by Vehumet.
  1405 | D        | Reached XP level 9. HP: 77/77 MP: 14/21
  1406 | D        | Noticed a rime drake
  1407 | D        | Killed a spiny frog
  1407 | D        | Reached ***** piety under Vehumet
  1407 | D        | Reached skill level 10 in Fighting
  1436 | D        | Killed a rime drake
  1436 | D        | Reached skill level 10 in Dodging
  1477 | D        | Noticed a spiny frog
  1477 | D        | Noticed an elephant
  1481 | D        | Noticed a spiny frog
  1482 | D        | Reached skill level 10 in Armour
  1483 | D        | Killed a spiny frog
  1490 | D        | Killed an elephant
  1492 | D        | Reached XP level 10. HP: 80/88 MP: 14/22
  1493 | D        | Reached ****** piety under Vehumet
  1495 | D        | Killed a spiny frog
  1579 | D        | Offered knowledge of Starburst by Vehumet.
  1761 | D        | Noticed a stone giant
  1761 | D        | Noticed an orc high priest
  1763 | D        | Offered knowledge of Freezing Cloud by Vehumet.
  1770 | D        | Killed a stone giant
  1778 | D        | Killed an orc high priest
  1892 | D        | Learned a level 6 spell: Freezing Cloud
  1893 | D        | Noticed an orc knight
  1893 | D        | Noticed an orc high priest
  1898 | D        | Reached skill level 1 in Conjurations
  1898 | D        | Reached skill level 1 in Air Magic
  1904 | D        | Killed an orc knight
  1904 | D        | Gained mutation: You regenerate a little health from kills.
                  | [demonic ancestry]
  1904 | D        | Reached XP level 11. HP: 81/98 MP: 17/23
  1926 | D        | Offered knowledge of Iron Shot by Vehumet.
  1927 | D        | Killed an orc high priest
  2165 | D        | Offered knowledge of Irradiate by Vehumet.
  2179 | D        | Found Boijoor's Antique Weapon Emporium.
  2179 | D        | Noticed an orc sorcerer
  2179 | D        | Noticed an orc sorcerer
  2179 | D        | Noticed an orc sorcerer
  2180 | D        | Noticed an orc sorcerer
  2182 | D        | Noticed a soul eater
  2182 | D        | Killed an orc sorcerer
  2182 | D        | Reached skill level 5 in Conjurations
  2182 | D        | Reached skill level 10 in Ice Magic
  2182 | D        | Killed an orc sorcerer
  2182 | D        | Reached skill level 5 in Air Magic
  2184 | D        | Killed an orc sorcerer
  2186 | D        | Killed an orc sorcerer
  2386 | D        | Found Pafoepp's Magic Scroll Shoppe.
  2389 | D        | Found Ojofe's Weapon Emporium.
  2392 | D        | Found Zelinit's Armour Shoppe.
  2393 | D        | Noticed an orc sorcerer
  2412 | D        | Noticed an orc sorcerer
  2413 | D        | Killed an orc sorcerer
  2413 | D        | Offered knowledge of Ozocubu's Refrigeration by Vehumet.
  2416 | D        | Noticed a sixfirhy
  2416 | D        | Killed an orc sorcerer
  2424 | D        | Noticed an orc sorcerer
  2427 | D        | Paralysed by an orc sorcerer for 6 turns
  2429 | D        | Killed an orc sorcerer
  2473 | D        | Bought a scroll of acquirement for 520 gold pieces
  2482 | D        | Learned a level 6 spell: Ozocubu's Refrigeration
  2656 | D        | Killed an unseen horror
  2662 | D        | Offered knowledge of Lightning Bolt by Vehumet.
  2704 | D        | Noticed an ettin
  2708 | D        | Noticed an ettin
  2712 | D        | Killed an ettin
  2712 | D        | Reached skill level 10 in Spellcasting
  2714 | D        | Killed an ettin
  2722 | D        | Noticed a glowing orange brain
  2723 | D        | Noticed a fire dragon
  2754 | D        | Killed a fire dragon
  2759 | D        | Killed a glowing orange brain
  2759 | D        | Gained mutation: You regenerate health from kills. [demonic
                  | ancestry]
  2759 | D        | Reached XP level 12. HP: 55/105 MP: 20/28
  2909 | D        | Noticed an ogre mage
  2914 | D        | Killed an ogre mage
  3105 | D        | Noticed Nessos
  3120 | D        | HP: 3/105 [poisoned by Nessos]
  3120 | D        | HP: 1/105 [Nessos/arrow (2)]
  3120 | D        | Shot with an arrow by Nessos

Illustrated notes

Levels and vault maps discovered:
D:        linesprint [early_d, line_temple, items_1, d_10, items_2, lair_1,
          lair_end, items_3, orc_1, orc_end, items_4, d_15, swamp_1, shoals_1,
          snake_1, spider_1, d_20, vaults_1, items_5, swamp_end, shoals_end,
          snake_end, spider_end, vaults_end, d_27, items_6, zot_1, zot_end,
          crypt_end, forest_end, elf_end, slime_end, tomb_end, abyss_end,
          pan_hell_end]

Skill      XL: |  1  2  3  4  5  6  7  8  9 10 11 12 |
---------------+-------------------------------------+-----
Ice Magic      | 4 6 7 8 9 11 | 11.0
Spellcasting   | 3 5 6 8 12 13 | 13.2
Fighting       | 1 7 9 11 13 | 13.1
Armour         | 1 6 8 10 12 | 12.1
Dodging        | 2 6 7 9 10 12 | 12.3
Charms         | 3 |  3.9
Conjurations   | 2 7 |  7.5
Air Magic      | 2 6 |  6.9
Stealth        | |  1.7

Action                   |  1- 3 |  4- 6 |  7- 9 | 10-12 || total
-------------------------+-------+-------+-------+-------++-------
Melee: Dagger            |    11 |       |       |       ||    11
       Rapier            |     1 |    12 |    16 |    42 ||    71
 Cast: Freeze            |     6 |     7 |     1 |    13 ||    27
       Frozen Ramparts   |       |     2 |     7 |    24 ||    33
       Ozocubu's Armour  |       |     1 |     5 |    14 ||    20
       Dazzling Flash    |       |       |     4 |     2 ||     6
       Freezing Cloud    |       |       |       |     8 ||     8
       Ozocubu's Refrige |       |       |       |     3 ||     3
Evoke: Wand              |       |     2 |     3 |     5 ||    10
  Use: Potion            |     2 |     1 |       |     6 ||     9
       Scroll            |       |       |       |     1 ||     1
 Stab: Sleeping          |     1 |       |       |       ||     1
       Invisible         |       |       |     1 |       ||     1
  Eat: Ration            |       |       |     1 |     2 ||     3
Armor: Robe              |     4 |     3 |     3 |    13 ||    23
Dodge: Dodged            |    16 |    11 |    17 |    64 ||   108

Table legend:
 A = Non-vault XP
 B = Vault XP
 C = Vault XP percentage of total XP
 D = Non-vault monster count
 E = Vault monster count
 F = Vault count percentage of total count
                 A         B        C        D         E       F
            +---------+---------+-------+---------+---------+-------
      Total |       0 |   23663 | 100.0 |       0 |     101 | 100.0
            +---------+---------+-------+---------+---------+-------
          D |       0 |   23663 | 100.0 |       0 |     101 | 100.0
            +---------+---------+-------+---------+---------+-------
